AoeStats
← Monke

Arena

508651229Analyzed
4v4 RM · 9d ago on Sep 23, 2026· 51m 3s· 8 players
Game mode
Random Map
Map size
Large (8 player)
Population
200
Speed
Normal
Resources
Standard
Victory
Conquest
Starting age
Dark Age
Ending age
Imperial Age
RankedLock teamsTeams togetherTeam positionsShared explorationLock speedFull tech treeHidden civsTurbo modeCheats
Victory
Defeat
🇹🇼 Varangians · Taiwan
1398
+17
🇹🇼 Danes · Taiwan
1396
+18
🇮🇩 Byzantines · Indonesia
1396
+18
🇨🇳 Jurchens · China
1394
+18
1522
-22
🇦🇷 Italians · Argentina
1480
-20
🇨🇳 Mongols · China
1403
-16
🇨🇳 Franks · China
1314
-13
粮粮草征收人
10:32 Feudal Age
14:22 Castle Age
12:40 Double-Bit Axe
12:52 Horse Collar
16:09 Wheelbarrow
15:50 Bow Saw
16:36 Wheelbarrow
19:42 Wheelbarrow
21:06 Gold Mining
21:36 Heavy Plow
23:20 Stone Mining
24:05 Gold Shaft Mining
23:20 Town Watch
23:23 Loom
24:48 Hand Cart
25:14 Stone Shaft Mining
28:52 Imperial Age
27:15 Padded Archer Armor
28:15 Ballistics
29:15 Leather Archer Armor
29:05 Scale Barding Armor
29:11 Forging
30:02 Bloodlines
29:52 Husbandry
29:13 Light Cavalry
30:18 Chain Barding Armor
31:14 Ring Archer Armor
31:20 Iron Casting
31:02 Hussar
33:34 Chemistry
32:26 Elite Steppe Lancer
34:42 Plate Barding Armor
35:07 Blast Furnace
37:03 Conscription
37:27 Elite Skirmisher
38:00 Fletching
38:40 Bodkin Arrow
39:02 Fortified Wall
39:02 Masonry
41:36 Two-Man Saw
43:39 Hoardings
43:49 Bracer
44:35 Crop Rotation
46:19 Murder Holes
46:10 Arrowslits
royalchen
10:03 Feudal Age
13:47 Castle Age
12:14 Double-Bit Axe
12:30 Horse Collar
14:55 Bow Saw
21:07 Wheelbarrow
23:18 Hand Cart
28:00 Imperial Age
26:10 Forging
26:00 Scale Mail Armor
25:51 Loom
26:08 Gold Mining
26:42 Stone Mining
27:10 Heavy Plow
27:02 Arson
27:49 Squires
28:07 Chain Mail Armor
28:28 Iron Casting
28:20 Elite Varangian Guard
30:18 Plate Mail Armor
29:51 Gothikon
31:53 Chemistry
32:33 Blast Furnace
32:00 Conscription
31:43 Town Watch
33:35 Gambesons
35:55 Siege Engineers
36:31 Fletching
41:22 Scale Barding Armor
41:12 Bodkin Arrow
42:43 Stone Shaft Mining
42:43 Chain Barding Armor
42:37 Bloodlines
43:01 Husbandry
42:38 Vendel Legacy
43:02 Cavalier
44:19 Plate Barding Armor
47:42 Caravan
48:12 Coinage
[UZN]Listenphone
10:11 Feudal Age
13:43 Castle Age
13:45 Double-Bit Axe
14:47 Loom
18:23 Fletching
19:53 Horse Collar
22:47 Bow Saw
24:13 Wheelbarrow
23:34 Arson
24:13 Scale Mail Armor
25:42 Gambesons
26:58 Chain Mail Armor
26:54 Forging
26:49 Squires
28:45 Gold Mining
33:28 Bodkin Arrow
33:34 Padded Archer Armor
33:21 Elite Skirmisher
37:01 Imperial Age
35:29 Leather Archer Armor
35:34 Heavy Plow
36:10 Ballistics
39:45 Chemistry
38:47 Bracer
40:02 Stone Mining
40:46 Plate Mail Armor
40:52 Iron Casting
41:25 Conscription
41:49 Hand Cart
41:29 Onager
43:59 Hamask
46:04 Elite Jomsviking
48:36 Blast Furnace
Monke
10:21 Feudal Age
14:36 Castle Age
12:56 Double-Bit Axe
13:24 Horse Collar
15:45 Bow Saw
16:28 Heavy Plow
22:42 Loom
23:40 Wheelbarrow
22:52 Loom
23:51 Gold Mining
23:56 Stone Mining
24:40 Hand Cart
28:19 Imperial Age
26:33 Gold Shaft Mining
26:34 Stone Shaft Mining
27:06 Scale Mail Armor
28:10 Chain Mail Armor
28:06 Forging
27:49 Gambesons
28:05 Squires
27:50 Arson
28:42 Treadmill Crane
30:29 Chemistry
29:13 Elite Varangian Guard
30:28 Plate Mail Armor
32:03 Iron Casting
32:20 Fortified Wall
33:06 Conscription
37:11 Logistica
37:22 Conscription
40:02 Hoardings
41:11 Fletching
43:56 Bodkin Arrow
46:51 Padded Archer Armor
48:22 Two-Man Saw
牛比无极限
9:18 Feudal Age
13:46 Castle Age
12:15 Double-Bit Axe
12:20 Horse Collar
13:51 Loom
21:27 Ballistics
23:16 Bow Saw
23:12 Fletching
23:59 Bodkin Arrow
26:08 Wheelbarrow
25:38 Padded Archer Armor
26:58 Bloodlines
35:44 Imperial Age
35:35 Hand Cart
36:52 Conscription
36:53 Drill
36:39 Nomads
37:31 Heavy Scorpion
38:41 Siege Engineers
前三十分钟没有我
10:32 Feudal Age
14:08 Castle Age
12:00 Double-Bit Axe
12:20 Horse Collar
17:17 Loom
18:07 Wheelbarrow
17:28 Town Watch
21:31 Bow Saw
28:16 Imperial Age
26:12 Heavy Plow
26:33 Squires
26:34 Scale Mail Armor
26:44 Forging
27:00 Gold Mining
27:00 Stone Mining
27:35 Anarchy
27:52 Chain Mail Armor
27:45 Man-at-Arms
29:02 Iron Casting
28:41 Masonry
28:28 Murder Holes
29:14 Stone Shaft Mining
29:11 Hand Cart
28:35 Long Swordsman
29:42 Conscription
29:35 Two-Handed Swordsman
30:27 Perfusion
30:11 Champion
31:58 Blast Furnace
30:21 Champion
32:04 Pikeman
34:16 Chemistry
33:46 Architecture
32:51 Halberdier
35:35 Ballistics
39:46 Fletching
39:56 Padded Archer Armor
42:05 Two-Man Saw
40:49 Elite Huskarl
42:37 Bodkin Arrow
42:57 Leather Archer Armor
44:34 Guilds
44:54 Coinage
45:34 Bracer
46:05 Ring Archer Armor
45:40 Scale Barding Armor
49:20 Banking
48:50 Caravan
三十分钟后没有我
10:36 Feudal Age
14:28 Castle Age
12:54 Double-Bit Axe
12:51 Horse Collar
17:53 Bow Saw
18:52 Loom
19:51 Gold Mining
22:34 Wheelbarrow
23:35 Stone Mining
25:35 Heavy Plow
26:09 Fletching
28:56 Imperial Age
27:05 Bodkin Arrow
27:33 Padded Archer Armor
27:57 Hand Cart
29:02 Stone Shaft Mining
28:49 Thumb Ring
29:12 Leather Archer Armor
30:39 Chemistry
30:00 Ballistics
30:01 Bracer
30:31 Ring Archer Armor
31:23 Conscription
32:49 Masonry
32:34 Murder Holes
34:13 Elite Genoese Crossbowman
35:07 Forging
43:24 Architecture
43:43 Silk Road
44:29 Elite Skirmisher
47:09 Guard Tower
蝴蝶
10:43 Feudal Age
14:27 Castle Age
13:12 Double-Bit Axe
15:39 Bow Saw
16:21 Loom
20:07 Wheelbarrow
20:52 Stone Mining
22:39 Hand Cart
22:45 Gold Mining
24:58 Town Watch
29:21 Imperial Age
27:17 Husbandry
26:38 Light Cavalry
27:43 Scale Barding Armor
27:48 Forging
30:02 Gold Shaft Mining
29:50 Chain Barding Armor
30:06 Iron Casting
29:40 Cavalier
31:45 Plate Barding Armor
31:18 Paladin
32:49 Conscription
34:05 Blast Furnace
33:24 Fortified Wall
33:26 Masonry
33:21 Town Patrol
33:23 Scale Mail Armor
33:30 Chivalry
36:28 Hoardings
36:43 Coinage
36:06 Fletching
36:16 Padded Archer Armor
39:30 Banking
39:00 Caravan
40:03 Pikeman
40:43 Squires
40:29 Arson
41:00 Chain Mail Armor
40:37 Halberdier
40:43 Man-at-Arms
41:09 Gambesons
41:50 Leather Archer Armor
41:25 Long Swordsman
Connection lost

Rejoining the realm…

Still unreachable

The connection could not be restored.

Session expired

The server has moved on; the page needs a fresh start.